 Dungeon Crawl Stone Soup version 0.26.0-15-gc6cd9f7 (webtiles) character file.

Game seed: 5232218974012439456

10439 MercyWheel the Grappler (level 11, -9/109 HPs)
             Began as a Troll Hunter on Jan 13, 2021.
             Was a High Priest of Okawaru.
             Mangled by an ettin
             ... wielding a +0 dire flail
              (35 damage)
             ... on level 11 of the Dungeon on Jan 15, 2021.
             The game lasted 00:24:55 (8315 turns).

MercyWheel the Grappler (Troll Hunter)              Turns: 8315, Time: 00:24:56

Health: -9/109     AC: 14    Str: 22      XL:     11   Next: 36%
Magic:  6/13       EV: 15    Int:  7      God:    Okawaru [*****.]
Gold:   593        SH:  0    Dex: 12 (13) Spells: 10/10 levels left

rFire    . . .     SeeInvis .     - Unarmed
rCold    . . .     Faith    +   (no shield)
rNeg     . . .     Spirit   .   N - +3 steam dragon scales
rPois    .         Reflect  .   (helmet restricted)
rElec    .         Harm     .   (no cloak)
rCorr    .         Rampage  .   (gloves unavailable)
Will     +....                  (boots unavailable)
Stlth    +++.......             e - amulet of faith
HPRegen  0.68/turn              z - ring of willpower
MPRegen  0.13/turn              t - +4 ring of slaying

@: heroism, finesse
A: large, unfitting armour, claws 3, regeneration 1, shaggy fur 1, tough skin 3
a: Renounce Religion, Heroism, Finesse


You were on level 11 of the Dungeon.
You worshipped Okawaru.
Okawaru was extremely pleased with you.
You visited 2 branches of the dungeon, and saw 12 of its levels.

You collected 593 gold pieces.

Inventory:

Hand Weapons
 a - a +0 short sword
Missiles
 c - 3 large rocks (quivered)
 d - 3 throwing nets
 A - 6 datura-tipped darts
 Q - 3 javelins
 R - 5 boomerangs
Armour
 b - a +0 robe
 K - a +1 helmet
 L - a +0 robe of willpower
 N - +3 steam dragon scales (worn)
Jewellery
 e - an amulet of faith (around neck)
 m - the ring "Ececso" {Str-4 Dex+4 SInv}
   (You found it on level 4 of the Dungeon)

   [ring of see invisible]

   It affects your strength (-4).
   It affects your dexterity (+4).
   It lets you see invisible.
 r - an uncursed ring of see invisible
 t - a +4 ring of slaying (right claw)
 z - a ring of willpower (left claw)
 J - an uncursed ring of ice
 P - an uncursed ring of poison resistance
Wands
 q - a wand of random effects (9)
 x - a wand of disintegration (21)
 M - a wand of flame (12)
 O - a wand of digging (1)
Scrolls
 g - a scroll of identify
 i - 3 scrolls of remove curse
 l - 4 scrolls of magic mapping
 p - a scroll of immolation {unknown}
 s - 5 scrolls of enchant armour
 u - 2 scrolls of noise
 w - 2 scrolls of enchant weapon
 y - 3 scrolls of teleportation
 D - a scroll of fog
Potions
 f - 4 potions of brilliance
 h - 3 potions of heal wounds {unknown}
 j - a potion of magic {unknown}
 k - 2 potions of haste
 n - a potion of lignification {unknown}
 o - 4 potions of flight
 B - 2 potions of attraction
 C - 2 potions of might
 E - 3 potions of invisibility
 H - a potion of mutation


   Skills:
 - Level 7.3(12.3) Fighting
 - Level 6.3(11.3) Throwing
 - Level 5.1(10.1) Armour
 - Level 5.0(10.0) Dodging
 - Level 0.3(5.3) Stealth
 + Level 10.9(15.9) Unarmed Combat
 - Level 4.3 Invocations
 - Level 0.5 Evocations


You had 10 spell levels left.
You didn't know any spells.
Your spell library contained the following spells:

 Spells                   Type           Power        Failure   Level
 Magic Dart               Conj           0%           43%         1
 Sting                    Tmut/Pois      0%           43%         1
 Blink                    Tloc           N/A          56%         2
 Call Imp                 Summ           0%           56%         2
 Passwall                 Tmut/Erth      0%           56%         2
 Slow                     Hex            0%           56%         2
 Wereblood                Tmut           0%           56%         2
 Call Canine Familiar     Summ           0%           80%         3
 Conjure Flame            Conj/Fire      0%           80%         3
 Ignite Poison            Fire/Tmut/Pois 0%           80%         3
 Mephitic Cloud           Conj/Pois/Air  0%           80%         3
 Teleport Other           Tloc           0%           80%         3
 Fireball                 Conj/Fire      0%           100%        5
 Summon Forest            Summ/Tloc      0%           100%        5
 Starburst                Conj/Fire      0%           100%        6
 Summon Hydra             Summ           0%           100%        7
 Ignition                 Fire           0%           100%        8


Dungeon Overview and Level Annotations

Branches:
Dungeon (11/15)            Temple (1/1) D:7            Lair (0/6) D:9
    Orc: D:9-12

Altars:
Ashenzari
Cheibriados
Dithmenos
Elyvilon
Fedhas
Gozag
Hepliaklqana
Kikubaaqudgha
Makhleb
Nemelex Xobeh
Okawaru
Qazlal
Ru
Sif Muna
Trog
Uskayaw
Vehumet
Wu Jian
Yredelemnul
Zin
The Shining One

Annotations:
D:3 exclusion: downstairs


Innate Abilities, Weirdness & Mutations

You are too large for most types of armour.
You have claws for hands.
Your natural rate of healing is unusually fast.
You are covered in fur. (AC +1)
You have extremely tough skin. (AC +3)


Message History

The ettin is severely wounded.
The ettin hits you with a +0 dire flail!!
The ettin closely misses you. The ettin misses you.
The ettin hits you with a +0 dire flail!!
You gain the combat prowess of a mighty hero.
The ettin misses you. The ettin closely misses you.
You can now deal lightning-fast blows.
You mangle the ettin!!
The ettin is moderately wounded.
The ettin closely misses you.
The ettin hits you with a +0 great mace!!
* * * LOW HITPOINT WARNING * * *
You barely miss the ettin.
The ettin is moderately wounded.
You mangle the ettin!!
The ettin is heavily wounded.
You scratch the ettin.
The ettin is severely wounded.
The ettin hits you with a +0 dire flail!!
You die...

... ... ##
#... #.
#....#.
#....#.
+...P..
+..((..####
+.....CC@<#
#....(.##.#
#..(... #.#
#...... ...
.......
#.#.
$......
#....
....... #..
.. .......
... .##


You could see 2 ettins.

Vanquished Creatures
  2 two-headed ogres
  2 oklob plants
  A cyclops (D:11)
  Maggie (D:8)
  4 hornets (D:10)
  3 wyverns (D:9)
  Sigmund (D:6)
  A basilisk (D:9)
  8 yaks (D:9)
  6 water moccasins
  A hornet zombie (D:8)
  An orc warrior (D:9)
  4 sky beasts
  2 ice beasts
  3 ogres
  3 centaurs
  A big kobold (D:7)
  9 bullfrogs
  2 gnoll sergeants
  A water moccasin skeleton (D:6)
  2 scorpions
  An oklob sapling (D:10)
  11 wights
  3 howler monkeys (D:8)
  A quasit (D:10)
  A bullfrog zombie (D:7)
  A centaur zombie (D:6)
  2 centaur skeletons
  10 jellies
  5 orc wizards
  5 orc priests
  A bullfrog skeleton (D:7)
  A gnoll shaman (D:9)
  7 hounds
  2 iguanas
  6 worker ants
  A killer bee zombie (D:9)
  A hound skeleton (D:7)
  A worker ant zombie (D:8)
  14 gnolls
  A howler monkey skeleton (D:8)
  13 adders
  2 shadow imps
  2 white imps
  12 oozes
  An adder zombie (D:8)
  An adder skeleton (D:6)
  2 worms (D:3)
  A dart slug (D:1)
  5 leopard geckos
  20 orcs
  7 giant cockroaches
  4 hobgoblins
  26 jackals
  9 kobolds
  4 quokkas
  8 ball pythons
  6 bats
  4 frilled lizards
  6 goblins
  14 rats
280 creatures vanquished.

Vanquished Creatures (others)
  A gnoll (D:8)
  2 bushes (D:9)
  11 fungi
  25 plants
39 creatures vanquished.

Grand Total: 319 creatures vanquished

Notes
Turn   | Place    | Note
-------+----------+-------------------------------------------
     0 | D:1      | MercyWheel the Troll Hunter began the quest for the Orb.
     0 | D:1      | Reached XP level 1. HP: 19/19 MP: 0/0
    68 | D:1      | Reached skill level 1 in Unarmed Combat
    89 | D:1      | Reached XP level 2. HP: 26/27 MP: 1/1
   166 | D:1      | Reached skill level 2 in Unarmed Combat
   268 | D:2      | Found a basalt altar of Yredelemnul.
   291 | D:2      | Reached XP level 3. HP: 33/33 MP: 2/2
   330 | D:3      | Found an ancient bone altar of Kikubaaqudgha.
   369 | D:3      | Reached skill level 3 in Unarmed Combat
   520 | D:4      | Noticed a scorpion
   641 | D:4      | Got a shimmering pewter ring
   642 | D:4      | Identified the ring "Ececso" {Str-4 Dex+4 SInv} (You found
                  | it on level 4 of the Dungeon)
   646 | D:4      | You fall into a shaft and drop 2 floors!
   688 | D:6      | Reached skill level 4 in Unarmed Combat
   688 | D:6      | Reached XP level 4. HP: 35/41 MP: 3/3
   699 | D:6      | Noticed a bullfrog
   711 | D:6      | Killed a bullfrog
   712 | D:6      | Reached XP level 5. HP: 43/48 MP: 4/4
   739 | D:6      | Reached skill level 5 in Unarmed Combat
   777 | D:6      | Noticed an ice beast
   794 | D:6      | Killed an ice beast
   795 | D:6      | Reached skill level 6 in Unarmed Combat
   795 | D:6      | Reached XP level 6. HP: 11/55 MP: 5/5
   878 | D:6      | Noticed Sigmund
   887 | D:6      | Killed Sigmund
   888 | D:6      | Reached skill level 5 in Throwing
   888 | D:6      | Reached XP level 7. HP: 52/62 MP: 6/6
  1057 | D:5      | Entered Level 5 of the Dungeon
  1208 | D:5      | Identified the Compendium of Supportive Displacement
  1342 | D:5      | Reached skill level 7 in Unarmed Combat
  1738 | D:5      | Found an ancient bone altar of Kikubaaqudgha.
  1739 | D:5      | Found a shadowy altar of Dithmenos.
  2363 | D:6      | Reached XP level 8. HP: 78/78 MP: 7/7
  2448 | D:6      | Noticed an oklob plant
  2466 | D:6      | Reached skill level 5 in Fighting
  2579 | D:6      | Killed an oklob plant
  2580 | D:6      | Reached skill level 9 in Unarmed Combat
  2862 | D:7      | Reached XP level 9. HP: 70/88 MP: 8/8
  3105 | D:7      | Found a staircase to the Ecumenical Temple.
  3128 | Temple   | Entered the Ecumenical Temple
  3211 | Temple   | Became a worshipper of Warmaster Okawaru
  5215 | D:8      | Reached skill level 5 in Dodging
  5377 | D:8      | Found a glowing silver altar of Zin.
  5381 | D:8      | Reached * piety under Okawaru
  5435 | D:8      | Found a shimmering blue altar of Sif Muna.
  5507 | D:8      | Reached skill level 10 in Unarmed Combat
  5634 | D:8      | Noticed Maggie
  5698 | D:8      | Killed Maggie
  5698 | D:8      | Reached ** piety under Okawaru
  5759 | D:8      | Reached XP level 10. HP: 100/100 MP: 9/9
  5977 | D:8      | Found an opulent altar of Gozag.
  6289 | D:9      | Reached *** piety under Okawaru
  6298 | D:9      | Noticed a two-headed ogre
  6330 | D:9      | Killed a two-headed ogre
  6330 | D:9      | Received a gift from Okawaru
  6330 | D:9      | Received a gift from Okawaru
  6360 | D:9      | Reached skill level 1 in Armour
  6469 | D:9      | Found a staircase to the Lair.
  6509 | D:9      | Reached **** piety under Okawaru
  6888 | D:9      | Reached skill level 5 in Armour
  6966 | D:9      | Received a gift from Okawaru
  7078 | D:10     | Entered Level 10 of the Dungeon
  7078 | D:10     | Upgraded the game from 0.26-b1-32-g5d43845 to
                  | 0.26.0-15-gc6cd9f7
  7116 | D:10     | Noticed a two-headed ogre
  7123 | D:10     | Killed a two-headed ogre
  7123 | D:10     | Reached ***** piety under Okawaru
  7124 | D:10     | Reached XP level 11. HP: 96/109 MP: 9/11
  7255 | D:10     | Found a blossoming altar of Fedhas.
  7292 | D:10     | Identified the Papyrus of Shifting Poisoning
  7296 | D:10     | Paralysed by a hornet for 3 turns
  7303 | D:10     | Paralysed by a hornet for 3 turns
  7477 | D:10     | Noticed an oklob plant
  7487 | D:10     | Killed an oklob plant
  8305 | D:11     | Noticed an ettin
  8305 | D:11     | Noticed an ettin
  8315 | D:11     | Mangled by an ettin

Illustrated notes

Levels and vault maps discovered:
D:1:      zaba_arrival_water, layout_loops_ring
D:2:      wad_crossroads, layout_loops_ring, yredelemnul_altar_generic
D:3:      layout_basic, lemuel_tele_altar
D:4:      layout_basic
D:5:      layout_loops_ring, gammafunk_temple_overflow_statue
D:6:      lemuel_slime, layout_gridville, uniq_sigmund
D:7:      layout_gridville, minmay_temple_entry_statues_fountains
D:8:      layout_loops_cross, pdpol_temple_overflow_zin_treasury_gozag_greed,
          general_overflow_altar, uniq_maggie
D:9:      layout_roguey, minmay_lair_entry_grove
D:10:     layout_loops_corners, introduction_to_nature_1
D:11:     giant_chief_lemuel, layout_loops_corners, hiddenorc1_lemuel,
          serial_shops, kennysheep_little_box, minivault_20,
          hangedman_corner_corridor
Temple:   nicolae_temple_elliptical

Skill      XL: |  1  2  3  4  5  6  7  8  9 10 11 |
---------------+----------------------------------+-----
Unarmed Combat | 1 2 4 6 7 9 10 | 10.9
Throwing       | 5 6 |  6.3
Fighting       | 3 5 6 7 |  7.3
Dodging        | 2 5 |  5.0
Armour         | 5 |  5.1
Invocations    | 2 4 |  4.3
Stealth        | |  0.3
Evocations     | |  0.5

Action                   |  1- 3 |  4- 6 |  7- 9 | 10-12 || total
-------------------------+-------+-------+-------+-------++-------
Melee: Unarmed           |   107 |    29 |   309 |   247 ||   692
       Punch             |       |     1 |    13 |     7 ||    21
Throw: Large rock        |       |     5 |    15 |     3 ||    23
       Javelin           |       |       |       |     6 ||     6
       Boomerang         |       |       |       |    19 ||    19
Invok: Heroism           |       |       |       |     2 ||     2
       Finesse           |       |       |       |     1 ||     1
Evoke: Wand              |       |       |       |     1 ||     1
  Use: Scroll            |       |       |     1 |    18 ||    19
 Stab: Sleeping          |     2 |       |     8 |       ||    10
Armor: Robe              |    44 |     7 |    66 |       ||   117
       Steam dragon scal |       |       |       |    84 ||    84
Dodge: Dodged            |    62 |    11 |   151 |   142 ||   366
